[Event "Late-Titled-Tuesday-Blitz-November-28-2023"]
[Site "Chess.com"]
[Date "2023.11.28"]
[Round "2"]
[White "Hypercar"]
[Black "Msb2"]
[Result "0-1"]
[WhiteElo "2505"]
[BlackElo "3030"]
[TimeControl "180+1"]
[EndTime "14:12:41 PST"]
[Termination "Msb2 won by resignation"]

1. d4 d5 2. c4 e6 3. Nf3 Nf6 4.
e3 Bd6 5. Be2 O-O 6. O-O Nc6 7.
Nc3 dxc4 8. Bxc4 e5 9. a3 Bg4 10. d5 Ne7 11. e4 Ng6 12. h3 Bd7 13. Qe2 a6 14. b4 Nh5 15. Qc2 h6 16. Ne2 Qf6 17. Nh2 Ngf4 18. Ng3 Qg6 19. Bxf4 Nxf4 20. Be2 h5 21. Nf3 Qf6 22. Kh2 h4 23. Nf5 Bxf5 24. exf5 Nxe2 25. Qxe2 e4+ 0-1

[Event "Late-Titled-Tuesday-Blitz-November-28-2023"]
[Site "Chess.com"]
[Date "2023.11.28"]
[Round "2"]
[White "rdarruda"]
[Black "A-Fier"]
[Result "0-1"]
[WhiteElo "2518"]
[BlackElo "2744"]
[TimeControl "180+1"]
[EndTime "14:13:01 PST"]
[Termination "A-Fier won by resignation"]

1. Nf3 Nf6 2. d4 g6 3. Nc3 Bg7 4. e4 O-O 5. Bg5 d6 6. Qd2 c6 7.
O-O-O b5 8. Bd3 b4 9. Ne2 Qa5 10. Kb1 Nbd7 11. Bh6 Nb6 12. Bxg7 Kxg7 13. h4 h5 14. Ng3 Bg4 15. e5 Nfd5 16. exd6 Nc3+ 17.
bxc3 bxc3 18. Qc1 Nd5 19. Ka1 Rab8 20. Bc4 Rb2 21. Ne5 Nb4 0-1

[Event "Late-Titled-Tuesday-Blitz-November-28-2023"]
[Site "Chess.com"]
[Date "2023.11.28"]
[Round "2"]
[White "Gyulamiryan-koryun"]
[Black "falzehope0"]
[Result "1-0"]
[WhiteElo "1949"]
[BlackElo "2364"]
[TimeControl "180+1"]
[EndTime "14:13:02 PST"]
[Termination "Gyulamiryan-koryun won by checkmate"]

1. e4 d5 2. exd5 Nf6 3. d4 Qxd5 4. Nf3 Bg4 5. Be2 Nc6 6. Be3 O-O-O 7. c3 Kb8 8. Qb3 Qh5 9. h3 e5 10. O-O exd4 11.
cxd4 Bd6 12. Qb5 Bxf3 13. gxf3 Qxh3 14. f4 Rhe8 15. Qg5 Rxe3 16. fxe3 Qxe3+ 17. Rf2 Nxd4 18. Nc3 Ne4 19. Qxd8# 1-0

[Event "Late-Titled-Tuesday-Blitz-November-28-2023"]
[Site "Chess.com"]
[Date "2023.11.28"]
[Round "2"]
[White "JSPrepz"]
[Black "zajka-molotok"]
[Result "1-0"]
[WhiteElo "2846"]
[BlackElo "2531"]
[TimeControl "180+1"]
[EndTime "14:13:16 PST"]
[Termination "JSPrepz won by resignation"]

1. e4 c5 2. Nf3 Nc6 3. Nc3 e5 4. Bc4 d6 5. d3 Be7 6. h4 Bg4 7.
Nd5 Nf6 8. c3 a6 9. Ne3 b5 10.
Nxg4 Nxg4 11. Bd5 Rc8 12. Ng5 Nh6 13. Qh5 O-O 14. Rh3 Kh8 15. Rg3 Bf6 16. Be3 Qe8 17. Nxh7 Kxh7 18. Bxh6 gxh6 19. Qf5+ 1-0

[Event "Late-Titled-Tuesday-Blitz-November-28-2023"]
[Site "Chess.com"]
[Date "2023.11.28"]
[Round "2"]
[White "SpeedofLight0"]
[Black "MNyuyu"]
[Result "1-0"]
[WhiteElo "2891"]
[BlackElo "2486"]
[TimeControl "180+1"]
[EndTime "14:13:16 PST"]
[Termination "SpeedofLight0 won by resignation"]

1. d4 d5 2. c4 e6 3. Nc3 Nf6 4. cxd5 exd5 5. Bg5 c6 6. e3 Be7 7. Bd3 O-O 8. Nge2 Nbd7 9. O-O Re8 10. Qc2 Nf8 11. Rae1 g6 12. f3 Ne6 13. Bh4 Ng7 14.
e4 Be6 15. e5 Nd7 16. Bxe7 Qxe7 17. f4 c5 18. Qd2 cxd4 19. Nxd4 Nc5 20. Bb1 Rad8 21. f5 gxf5 22. Bxf5 Ne4 23. Bxe4 dxe4 24. Nxe4 Nf5 25. Nxf5 Bxf5 26. Nf6+ Kh8 27. Qh6 Bg6 28. Nxe8 Rxe8 29. e6 fxe6 30. Re5 Qg7 31. Qf4 Bf5 32.
Qxf5 1-0

[Event "Late-Titled-Tuesday-Blitz-November-28-2023"]
[Site "Chess.com"]
[Date "2023.11.28"]
[Round "2"]
[White "dodoucb"]
[Black "German_Bazeev"]
[Result "0-1"]
[WhiteElo "2525"]
[BlackElo "2810"]
[TimeControl "180+1"]
[EndTime "14:13:20 PST"]
[Termination "German_Bazeev won by resignation"]

1. d4 Nf6 2. c4 e6 3. Nf3 b6 4. g3 Bb7 5. Bg2 Bb4+ 6. Bd2 c5 7. O-O O-O 8. a3 Bxd2 9. Qxd2 cxd4 10. Qxd4 Nc6 11.
Qd3 d5 12. Nc3 d4 13. Nxd4 Ne5 14. Qd1 Bxg2 15. Kxg2 Nxc4 16. Rb1 e5 17. Nc6 Qc7 18. Nb4 Rfd8 19. Nbd5 Qb7 20. e4 Nxe4 21. Nxe4 Qxd5 22. Qxd5 Rxd5 23. b3 Nxa3 24. Rbc1 Nb5 0-1

[Event "Late-Titled-Tuesday-Blitz-November-28-2023"]
[Site "Chess.com"]
[Date "2023.11.28"]
[Round "2"]
[White "katharinareinecke"]
[Black "Aleksandar-Topalov"]
[Result "0-1"]
[WhiteElo "1997"]
[BlackElo "2387"]
[TimeControl "180+1"]
[EndTime "14:13:20 PST"]
[Termination "Aleksandar-Topalov won by resignation"]

1. d4 Nf6 2. c4 c5 3. Nf3 g6 4. g3 Bg7 5. Bg2 O-O 6. O-O Na6 7. b3 d6 8. Qc2 Bf5 9. Qd1 Nb4 10. Bb2 Nc2 11.
Nfd2 Nxa1 12. Bxa1 Rb8 13. e4 Bd7 14. e5 Ne8 15. f4 cxd4 16. Bxd4 dxe5 17. Bxe5 Ra8 18. Bxb7 Qb6+ 19. Rf2 Qxb7 20. Bxg7 Nxg7 21. Nf3 Bg4 22. Qd3 Rfd8 23. Qe3 Rd1+ 24. Kg2 0-1

[Event "Late-Titled-Tuesday-Blitz-November-28-2023"]
[Site "Chess.com"]
[Date "2023.11.28"]
[Round "2"]
[White "jup1978"]
[Black "ElephantChessGenius"]
[Result "1-0"]
[WhiteElo "2530"]
[BlackElo "2228"]
[TimeControl "180+1"]
[EndTime "14:13:21 PST"]
[Termination "jup1978 won by resignation"]

1. d4 d5 2. c4 e6 3. Nf3 c6 4. Nbd2 f5 5. g3 Bd6 6. Bg2 Nf6 7. b3 a5 8. O-O O-O 9. Bb2 Nbd7 10. a3 Ne4 11. Ne5 Nxe5 12. dxe5 Bc5 13. Nxe4 fxe4 14. e3 Qg5 15. Bd4 Be7 16. Qc2 Bd7 17. b4 axb4 18. axb4 Bxb4 19. Qb3 c5 20. Bb2 Bc6 21. cxd5 exd5 22.
Bxe4 Rxa1 23. Bxa1 Rd8 24. Rd1 Kh8 25. Bxd5 Bxd5 26. Rxd5 Ra8 27. Qd1 h5 28. e6 Qg6 29. e7 Kg8 30. Rd8+ 1-0

[Event "Late-Titled-Tuesday-Blitz-November-28-2023"]
[Site "Chess.com"]
[Date "2023.11.28"]
[Round "2"]
[White "1800_strength"]
[Black "Sulthankan"]
[Result "0-1"]
[WhiteElo "2789"]
[BlackElo "2377"]
[TimeControl "180+1"]
[EndTime "14:13:39 PST"]
[Termination "Sulthankan won by resignation"]

1. g4 d5 2. Bg2 Bxg4 3. c4 c6 4. Qb3 e6 5. cxd5 exd5 6. Qxb7 Nd7 7. Nc3 Qc8 8. Qxc8+ Rxc8 9. Nf3 Ngf6 10. d4 Bd6 11. Bg5 Rb8 12. O-O-O h6 13. Bh4 O-O 14. Bg3 Bxg3 15.
hxg3 Rfe8 16. Rd2 Ne4 17. Nxe4 dxe4 18. Nh2 Bf5 19. e3 c5 20. Kb1 cxd4 21. Rxd4 Nc5 22. Rhd1 Nd3 23. Rd2 Rec8 24. a4 Rc1+ 25. Ka2 Nb4+ 26.
Ka3 Nc2+ 27. Rxc2 Rxc2 28. Bxe4 Bxe4 29. Rxe4 Rxf2 30. Ng4 Rfxb2 31. a5 f5 0-1

[Event "Late-Titled-Tuesday-Blitz-November-28-2023"]
[Site "Chess.com"]
[Date "2023.11.28"]
[Round "2"]
[White "LastHeroJr"]
[Black "Hirna2005"]
[Result "0-1"]
[WhiteElo "2464"]
[BlackElo "2336"]
[TimeControl "180+1"]
[EndTime "14:13:41 PST"]
[Termination "Hirna2005 won by resignation"]

1. e4 g6 2. g3 Bg7 3. Bg2 c5 4. Nc3 d6 5. d3 Nc6 6. f4 Nf6 7.
Nf3 O-O 8. O-O Bg4 9. Be3 Qc8 10. Rb1 Nd4 11. Qd2 Nxf3+ 12. Bxf3 Bxf3 13. Rxf3 Ng4 14. Nd1 b5 15. h3 Nxe3 16. Nxe3 Qxh3 17. c3 Rab8 18.
Nd5 Rb7 19. f5 b4 20. Rbf1 bxc3 21. bxc3 Bh6 22. Qe2 gxf5 23. Rxf5 Qxg3+ 24. Kh1 Qh4+ 25. Kg2 Kh8 26. Qh5 Rg8+ 27. Kf3 Qg3+ 28. Ke2 Rb2+ 29.
Kd1 Qxd3+ 0-1

[Event "Late-Titled-Tuesday-Blitz-November-28-2023"]
[Site "Chess.com"]
[Date "2023.11.28"]
[Round "2"]
[White "JackRodgers"]
[Black "h4parah5"]
[Result "0-1"]
[WhiteElo "2565"]
[BlackElo "2933"]
[TimeControl "180+1"]
[EndTime "14:13:49 PST"]
[Termination "h4parah5 won by resignation"]

1. d4 Nf6 2. Bg5 e6 3. e4 h6 4. Bxf6 Qxf6 5. Nf3 b6 6. e5 Qe7 7.
c3 Bb7 8. Bd3 d6 9. exd6 Qxd6 10. Nbd2 Nd7 11. Qe2 Be7 12. Ne4 Qd5 13. Ned2 c6 14.
Be4 Qd6 15. Nc4 Qc7 16. Nce5 Nf6 17. Bc2 O-O 18. O-O c5 19. dxc5 Bxc5 20. Rad1 Rad8 21. Rxd8 Rxd8 22. Rd1 Rxd1+ 23. Qxd1 Bxf3 24. Nxf3 Ng4 25.
Nd4 Qxh2+ 26. Kf1 Qh1+ 27. Ke2 Qxg2 28. Qf1 Qxf1+ 29. Kxf1 Bxd4 30. cxd4 Kf8 31. Ke2 Ke7 32. Kf3 Nf6 33. b4 Nd5 34. a3 f5 35. Kg3 g5 0-1

[Event "Late-Titled-Tuesday-Blitz-November-28-2023"]
[Site "Chess.com"]
[Date "2023.11.28"]
[Round "2"]
[White "Redzishchess"]
[Black "Suspenser17"]
[Result "0-1"]
[WhiteElo "2510"]
[BlackElo "2343"]
[TimeControl "180+1"]
[EndTime "14:13:52 PST"]
[Termination "Suspenser17 won by resignation"]

1. d4 d5 2. c4 c6 3. cxd5 cxd5 4. Nc3 Nf6 5. Bf4 Nc6 6. Nf3 a6 7. e3 Bg4 8. Be2 Bxf3 9. Bxf3 e6 10. O-O Bd6 11. Bxd6 Qxd6 12. Rc1 O-O 13. Na4 Rac8 14. Nc5 Rc7 15. Qb3 Qe7 16. Qb6 Rfc8 17. Rc3 e5 18. dxe5 Nxe5 19. Rfc1 Nxf3+ 20. gxf3 d4 21. exd4 Nd5 22. Qb3 Nxc3 23. bxc3 Qg5+ 24. Kf1 Qxc1+ 0-1

[Event "Late-Titled-Tuesday-Blitz-November-28-2023"]
[Site "Chess.com"]
[Date "2023.11.28"]
[Round "2"]
[White "MKlose11"]
[Black "Oleksandr_Bortnyk"]
[Result "0-1"]
[WhiteElo "2613"]
[BlackElo "3046"]
[TimeControl "180+1"]
[EndTime "14:14:06 PST"]
[Termination "Oleksandr_Bortnyk won by resignation"]

1. e4 Nf6 2. e5 Nd5 3. Nc3 Nxc3 4. dxc3 d6 5. Bf4 Nc6 6. Nf3 dxe5 7. Qxd8+ Nxd8 8.
Bxe5 c6 9. O-O-O f6 10. Bg3 e5 11. Nd2 Ne6 12. Bc4 b5 13. Bb3 a5 14. a4 Nc5 15.
axb5 Nxb3+ 16. cxb3 cxb5 17. Ne4 Be6 18. Kc2 a4 19.
bxa4 bxa4 20. Kb1 Bb3 21. Rd2 Be7 22. Nd6+ Bxd6 23. Rxd6 Ke7 24. Rb6 Rhd8 25. Rb7+ Ke6 26. Rxg7 Rd2 27. Rb7 Rad8 28. Rb6+ Kf5 29. Rxb3 axb3 30.
Kc1 Rc2+ 0-1

[Event "Late-Titled-Tuesday-Blitz-November-28-2023"]
[Site "Chess.com"]
[Date "2023.11.28"]
[Round "2"]
[White "TheCavemanChess"]
[Black "Sacbutt"]
[Result "1-0"]
[WhiteElo "2713"]
[BlackElo "2353"]
[TimeControl "180+1"]
[EndTime "14:14:07 PST"]
[Termination "TheCavemanChess won by resignation"]

1. e4 c5 2. Ne2 d6 3. Nbc3 Nf6 4. d4 cxd4 5. Nxd4 a6 6. Bg5 e6 7. f4 Be7 8. Qf3 Qc7 9. O-O-O Nbd7 10. Bd3 b5 11. Rhe1 b4 12. Nd5 Nxd5 13. exd5 Bxg5 14. dxe6 Bxf4+ 15. Kb1 Ne5 16. Qxa8 O-O 17. exf7+ Qxf7 18. Qe4 g6 19. Rf1 d5 20. Qe1 Nxd3 21. Rxd3 Qc7 22. Qxb4 a5 23. Qe1 Bxh2 24. Rxf8+ Kxf8 25. Ne6+ Bxe6 26. Qxe6 1-0

[Event "Late-Titled-Tuesday-Blitz-November-28-2023"]
[Site "Chess.com"]
[Date "2023.11.28"]
[Round "2"]
[White "venturov"]
[Black "Heinza9"]
[Result "1-0"]
[WhiteElo "2494"]
[BlackElo "2314"]
[TimeControl "180+1"]
[EndTime "14:14:10 PST"]
[Termination "venturov won by resignation"]

1. Nf3 f5 2. c4 Nf6 3. g3 g6 4. Bg2 Bg7 5. O-O O-O 6. d4 d6 7. Nc3 Qe8 8. d5 a5 9. e4 fxe4 10. Ng5 Bg4 11. Qb3 b6 12. Ncxe4 Na6 13. Be3 h6 14. Ne6 Bxe6 15. dxe6 a4 16. Qb5 Ng4 17. Nc3 Nxe3 18. fxe3 Ra7 19. Rxf8+ Qxf8 20. Rf1 Bf6 21. Nd5 Nc5 22. Rxf6 exf6 23. e7 1-0

[Event "Late-Titled-Tuesday-Blitz-November-28-2023"]
[Site "Chess.com"]
[Date "2023.11.28"]
[Round "2"]
[White "WilliamAlfaroCaracas"]
[Black "FuenfgegenWilly"]
[Result "0-1"]
[WhiteElo "2222"]
[BlackElo "2470"]
[TimeControl "180+1"]
[EndTime "14:14:20 PST"]
[Termination "FuenfgegenWilly won on time"]

1. e4 e5 2. Nf3 Nc6 3. Bc4 Nf6 4.
Ng5 d5 5. exd5 b5 6. Bf1 h6 7. Nxf7 Kxf7 8. dxc6 Bc5 9. Bxb5 Rf8 10. Bc4+ Kg6 11. O-O Ng4 12. d4 Bxd4 13. Bd3+ Kf7 14. Bc4+ Ke8 15. Nc3 Qh4 16. h3 Rxf2 17. Rxf2 Qxf2+ 18. Kh1 Qg3 0-1

[Event "Late-Titled-Tuesday-Blitz-November-28-2023"]
[Site "Chess.com"]
[Date "2023.11.28"]
[Round "2"]
[White "SHIVACalypso"]
[Black "seasidesunset"]
[Result "0-1"]
[WhiteElo "2432"]
[BlackElo "2220"]
[TimeControl "180+1"]
[EndTime "14:14:21 PST"]
[Termination "seasidesunset won by checkmate"]

1. e4 c5 2. Nc3 a6 3. Nf3 Nf6 4. d4 cxd4 5. Nxd4 d6 6. h3 e5 7. Nf3 Be7 8. Bc4 Be6 9. Bxe6 fxe6 10. Be3 Qd7 11. Qd2 Nc6 12. O-O-O O-O 13. Ne1 b5 14. f4 b4 15. Na4 Rab8 16. Nb6 Qc7 17. fxe5 Nxe5 18.
Qxb4 Nfd7 19. Qa5 Nxb6 20. Nd3 Nec4 21. Bxb6 Qxb6 22. Qxb6 Rxb6 23. b3 Bg5+ 24. Kb1 Bf6 25. a4 Rc8 26. Ka2 Ne3 27. Rd2 Nxc2 28. Rc1 Nb4+ 29. Nxb4 Rxc1 30. Nc2 Rc6 31. Ne3 Ra1# 0-1

[Event "Late-Titled-Tuesday-Blitz-November-28-2023"]
[Site "Chess.com"]
[Date "2023.11.28"]
[Round "2"]
[White "DawnofEpiphany"]
[Black "MajorCoast"]
[Result "1-0"]
[WhiteElo "2650"]
[BlackElo "2229"]
[TimeControl "180+1"]
[EndTime "14:14:26 PST"]
[Termination "DawnofEpiphany won by checkmate"]

1. d4 d5 2. c4 e6 3. Nf3 Nf6 4.
g3 Bb4+ 5. Bd2 Be7 6. Bg2 O-O 7. O-O Nbd7 8. Qc2 Ne4 9. Bf4 c6 10. Rd1 g5 11. Bc1 f5 12. b3 b6 13. Bb2 Ba6 14. a4 Ndf6 15. Ne5 Rc8 16. a5 b5 17. c5 g4 18. e3 h5 19. Qe2 Kg7 20. Na3 Rh8 21. Nc2 h4 22. Nb4 Bb7 23. a6 Ba8 24. Rdc1 Qe8 25. Nbd3 hxg3 26. hxg3 Qh5 27. Nf4 Qh2+ 28.
Kf1 Nh5 29. Bxe4 fxe4 30. Qxg4+ Kf8 31. Nxe6+ Ke8 32. Qg6# 1-0

[Event "Late-Titled-Tuesday-Blitz-November-28-2023"]
[Site "Chess.com"]
[Date "2023.11.28"]
[Round "2"]
[White "TRadjabov"]
[Black "karinachess1"]
[Result "1-0"]
[WhiteElo "3006"]
[BlackElo "2597"]
[TimeControl "180+1"]
[EndTime "14:14:31 PST"]
[Termination "TRadjabov won by checkmate"]

1. Nf3 Nf6 2. b3 g6 3. Bb2 Bg7 4. g3 O-O 5. c4 d6 6. Bg2 c5 7. O-O e5 8. d3 Nc6 9. Nc3 h6 10. a3 a5 11. Nd2 Be6 12. Nd5 Bxd5 13. cxd5 Ne7 14. e4 Ne8 15. a4 f5 16. Nc4 f4 17.
Bh3 Kh7 18. Bc3 b6 19. Ra2 Nf6 20. Be6 g5 21. f3 h5 22. Rg2 Bh6 23. Kh1 Rb8 24. gxf4 gxf4 25. Rfg1 Ne8 26. Qe1 Ng7 27.
Qh4 Ng8 28. Rxg7+ Bxg7 29. Qxh5+ Nh6 30. Qg6+ Kh8 31. Qxg7# 1-0

[Event "Late-Titled-Tuesday-Blitz-November-28-2023"]
[Site "Chess.com"]
[Date "2023.11.28"]
[Round "2"]
[White "KVAIDAN"]
[Black "cthake"]
[Result "1-0"]
[WhiteElo "2377"]
[BlackElo "1907"]
[TimeControl "180+1"]
[EndTime "14:14:31 PST"]
[Termination "KVAIDAN won by resignation"]

1. f4 b6 2. Nf3 Bb7 3. d3 g6 4.
e4 Bg7 5. Nc3 d6 6. Be2 c5 7.
O-O Nd7 8. Qe1 e5 9. Qg3 Qe7 10.
a4 O-O-O 11. a5 h5 12. f5 h4 13. Qh3 gxf5 14. exf5 Ngf6 15. Bg5 Rdg8 16. axb6 axb6 17. Ne4 d5 18. Nxf6 Bxf6 19. Bxf6 Nxf6 20. Rfe1 e4 21. Bf1 Qd6 22. dxe4 Nxe4 23. Ba6 Kb8 24. c4 Ng5 25. Nxg5 Rxg5 26. Qf3 Rhg8 27. Re2 Qc7 28. Bxb7 Qxb7 29.
cxd5 Rd8 30. Qf4+ 1-0

[Event "Late-Titled-Tuesday-Blitz-November-28-2023"]
[Site "Chess.com"]
[Date "2023.11.28"]
[Round "2"]
[White "Harry_Rakkel"]
[Black "tantaan"]
[Result "1-0"]
[WhiteElo "2680"]
[BlackElo "2351"]
[TimeControl "180+1"]
[EndTime "14:14:33 PST"]
[Termination "Harry_Rakkel won by resignation"]

1. e4 c6 2. Nf3 d5 3. d3 Qc7 4.
exd5 cxd5 5. c4 Nf6 6. Nc3 dxc4 7. dxc4 a6 8. g3 Bg4 9. Bf4 Qc6 10. Bg2 Qxc4 11. Ne5 Qb4 12. Nxg4 Qxb2 13. Na4 Qb4+ 14. Bd2 Qd6 15. O-O Nbd7 16. Nxf6+ exf6 17. Re1+ Be7 18. Bf4 Qxd1 19. Raxd1 b5 20. Bxa8 1-0

[Event "Late-Titled-Tuesday-Blitz-November-28-2023"]
[Site "Chess.com"]
[Date "2023.11.28"]
[Round "2"]
[White "PapaieDudu"]
[Black "dorpato"]
[Result "1-0"]
[WhiteElo "2412"]
[BlackElo "2086"]
[TimeControl "180+1"]
[EndTime "14:14:34 PST"]
[Termination "PapaieDudu won by resignation"]

1. d4 Nf6 2. c4 g6 3. Nc3 d5 4. Nf3 Bg7 5. e3 O-O 6. Bd3 c6 7. O-O dxc4 8. Bxc4 b5 9. Bb3 Bb7 10. Qe2 Nbd7 11. Rd1 Qc7 12. e4 e5 13. dxe5 Nxe5 14. Nxe5 Qxe5 15. f4 Qe7 16. e5 Nd7 17. Be3 a6 18. a3 c5 19. Nd5 Bxd5 20. Bxd5 Rab8 21. Qf3 Nb6 22. Bc6 Nc4 23. Rd7 Qe6 24. Bxc5 Rfc8 25.
Rad1 Qxc6 26. Rd8+ Rxd8 27. Rxd8+ Rxd8 28. Qxc6 Rd1+ 29. Kf2 Rd2+ 30. Ke1 Bh6 31. Qe8+ 1-0

[Event "Late-Titled-Tuesday-Blitz-November-28-2023"]
[Site "Chess.com"]
[Date "2023.11.28"]
[Round "2"]
[White "ameetghasi100"]
[Black "Rakitic2010"]
[Result "1-0"]
[WhiteElo "2813"]
[BlackElo "2443"]
[TimeControl "180+1"]
[EndTime "14:14:36 PST"]
[Termination "ameetghasi100 won by resignation"]

1. b3 Nf6 2. Bb2 g6 3. Bxf6 exf6 4. d4 Bg7 5. e3 O-O 6. c3 c5 7. Ne2 d5 8. g3 h5 9. h4 Nc6 10. Bg2 cxd4 11. cxd4 Bf5 12. Nbc3 Qa5 13. Qd2 Rac8 14. Nxd5 Qa6 15. O-O Rfd8 16. Rfc1 Kh8 17. Rc3 Bg4 18. Nef4 g5 19. Nd3 gxh4 20. gxh4 Bh6 21. Nc5 Qb5 22.
a4 Qa5 23. Nxb7 Qa6 24. Nxd8 Rxd8 25. Rac1 Rd6 26. Nc7 Qa5 27. Nb5 Ne5 28. Rc8+ Qd8 29. Rxd8+ Rxd8 30. f4 Nf3+ 31. Bxf3 Bxf3 32. Kf2 Be4 33. Nc3 Rxd4 34. Qxd4 1-0

[Event "Late-Titled-Tuesday-Blitz-November-28-2023"]
[Site "Chess.com"]
[Date "2023.11.28"]
[Round "2"]
[White "The_Straightforward_Rook"]
[Black "GAO"]
[Result "0-1"]
[WhiteElo "2459"]
[BlackElo "2261"]
[TimeControl "180+1"]
[EndTime "14:14:36 PST"]
[Termination "GAO won by resignation"]

1. e4 c5 2. c3 Nf6 3. e5 Nd5 4. Nf3 d6 5. Bc4 Nb6 6. Bb3 Nc6 7. exd6 Qxd6 8. Na3 Bf5 9. O-O e6 10. d4 cxd4 11.
Nxd4 Nxd4 12. cxd4 Be7 13. Qf3 Qd7 14. h4 O-O 15. g4 Bxa3 16. bxa3 Qxd4 17. gxf5 Qxa1 18. Bg5 Qe5 19. f6 Qf5 20. Qg2 Nd5 21. fxg7 Rfc8 22. Rd1 Nf4 23. Bxf4 Qxf4 24. Qxb7 Qg4+ 25. Kf1 Rab8 26.
Qxa7 Rxb3 27. Qd7 Rbc3 28. h5 Qxd1+ 29. Qxd1 Rc1 0-1

[Event "Late-Titled-Tuesday-Blitz-November-28-2023"]
[Site "Chess.com"]
[Date "2023.11.28"]
[Round "2"]
[White "Zavgorodniy_Sergiy"]
[Black "NotFischer"]
[Result "1-0"]
[WhiteElo "2667"]
[BlackElo "2343"]
[TimeControl "180+1"]
[EndTime "14:14:39 PST"]
[Termination "Zavgorodniy_Sergiy won on time"]

1. d4 d5 2. c4 e6 3. Nf3 Nf6 4. e3 Nbd7 5. Nbd2 Be7 6. Bd3 O-O 7. O-O dxc4 8. Nxc4 c5 9. b3 a6 10. Bb2 b5 11. Ncd2 Bb7 12. a4 Qb6 13. Qe2 Bc6 14.
Rfc1 Rab8 15. axb5 axb5 16. e4 cxd4 17. Nxd4 Ne5 18.
Nxc6 Nxc6 19. e5 Nd5 20. Ne4 Nf4 21. Qf3 Nxd3 22. Qxd3 Rfd8 23. Qg3 Kh8 24. Nd6 Bxd6 25. exd6 f6 26. Rd1 Rd7 27. Rd2 Rbd8 28. Rad1 Nb4 29. Qg4 Nd5 30. Qxe6 Nf4 31. Qf5 1-0

[Event "Late-Titled-Tuesday-Blitz-November-28-2023"]
[Site "Chess.com"]
[Date "2023.11.28"]
[Round "2"]
[White "RodokininEV"]
[Black "Njal28"]
[Result "0-1"]
[WhiteElo "2591"]
[BlackElo "2998"]
[TimeControl "180+1"]
[EndTime "14:14:42 PST"]
[Termination "Njal28 won by resignation"]

1. Nf3 d5 2. g3 Nd7 3. d4 Nb6 4. Bg2 Nf6 5. O-O Bf5 6. b3 e6 7. Bb2 Be7 8. Nbd2 O-O 9. c4 c6 10. Rc1 a5 11. Ne5 a4 12. Ndf3 axb3 13. axb3 Ra2 14.
Bc3 Ne4 15. Be1 Nd7 16. g4 Bg6 17. Nxg6 hxg6 18. Nd2 Nd6 19. Ra1 Qa8 20. Rxa2 Qxa2 21. e4 dxc4 22. e5 Nb5 23. Nxc4 Rd8 24. Ba5 Ra8 25.
Nb6 Qxa5 26. Nxd7 Rd8 27. Qa1 Qxa1 28. Rxa1 Rxd7 29. Ra8+ Rd8 30. Ra5 Nxd4 31. Ra7 Rb8 32. Be4 g5 33. f3 g6 34. Kf1 Kg7 35. Ke1 Nxb3 36. Ke2 Bc5 37. Ra2 Nc1+ 0-1

[Event "Late-Titled-Tuesday-Blitz-November-28-2023"]
[Site "Chess.com"]
[Date "2023.11.28"]
[Round "2"]
[White "larsmandreassen"]
[Black "Cristi_Coca"]
[Result "1-0"]
[WhiteElo "2245"]
[BlackElo "2455"]
[TimeControl "180+1"]
[EndTime "14:14:43 PST"]
[Termination "larsmandreassen won by checkmate"]

1. d4 Nf6 2. Nf3 g6 3. Bg5 Bg7 4. Nc3 d5 5. Bxf6 Bxf6 6. e4 dxe4 7. Nxe4 Bg7 8. Bc4 O-O 9. O-O Bf5 10. Ng3 Bg4 11.
c3 Nd7 12. h3 Bxf3 13. Qxf3 c6 14. Rae1 e6 15. Re2 Nf6 16. Rfe1 Qd6 17. Ne4 Nxe4 18. Rxe4 Rfd8 19. Rxe6 fxe6 20. Rxe6 Qxe6 21. Bxe6+ Kh8 22. Qf7 Rab8 23. g3 a5 24. f4 Rd6 25. Qc7 Rbd8 26. f5 gxf5 27. Bxf5 c5 28. dxc5 Rd2 29. Be4 Re8 30.
Qxb7 Bf8 31. Qxh7# 1-0

[Event "Late-Titled-Tuesday-Blitz-November-28-2023"]
[Site "Chess.com"]
[Date "2023.11.28"]
[Round "2"]
[White "expii"]
[Black "The_Machine04"]
[Result "0-1"]
[WhiteElo "2241"]
[BlackElo "2653"]
[TimeControl "180+1"]
[EndTime "14:14:44 PST"]
[Termination "The_Machine04 won by resignation"]

1. e4 d6 2. d4 Nf6 3. Nc3 e5 4. dxe5 dxe5 5. Qxd8+ Kxd8 6. Nf3 Bd6 7. Bg5 Be6 8. Rd1 Nd7 9. Bxf6+ gxf6 10. Nd5 f5 11. exf5 Bxf5 12. Bd3 e4 13. Nd4 Bg6 14. Be2 c6 15.
Ne3 Kc7 16. c3 Rad8 17. Bc4 Ne5 18. Be2 Bc5 19. O-O Rd7 20. Nc4 Nxc4 21. Bxc4 Rhd8 22. b3 Bxd4 23. Rxd4 Rxd4 24. cxd4 Rxd4 25. h4 Rd2 26. a4 a6 27. Rc1 Kd6 28. g4 b5 29. axb5 axb5 30.
Bf1 f5 31. h5 Bf7 32. gxf5 Bxb3 33. f6 Rd1 34. Rc3 Bc4 35. f7 Ke7 36. Kg2 Bxf1+ 0-1

[Event "Late-Titled-Tuesday-Blitz-November-28-2023"]
[Site "Chess.com"]
[Date "2023.11.28"]
[Round "2"]
[White "reevecanada"]
[Black "YellowJacek"]
[Result "1-0"]
[WhiteElo "2648"]
[BlackElo "2354"]
[TimeControl "180+1"]
[EndTime "14:14:47 PST"]
[Termination "reevecanada won by resignation"]

1. d4 Nf6 2. f4 d5 3. e3 g6 4. Nf3 Bg7 5. Bd3 c5 6. c3 Nc6 7. Nbd2 Qc7 8. O-O cxd4 9. cxd4 O-O 10. a3 b6 11. b3 Bb7 12. Bb2 Rac8 13. Rc1 Qb8 14. Ne5 Nxe5 15. fxe5 Ne4 16. Nxe4 dxe4 17. Bc4 e6 18. Qg4 b5 19. Bxb5 Bd5 20. a4 a6 21.
Rxc8 Qxc8 22. Be2 Qc2 23. Ba3 h5 24. Qf4 f5 25. Bxf8 Kxf8 26. Bxa6 Qxb3 27. Bb5 Qa3 28.
Qg5 Kg8 29. Be8 1-0

[Event "Late-Titled-Tuesday-Blitz-November-28-2023"]
[Site "Chess.com"]
[Date "2023.11.28"]
[Round "2"]
[White "Grischuk"]
[Black "Perecke"]
[Result "1-0"]
[WhiteElo "3080"]
[BlackElo "2494"]
[TimeControl "180+1"]
[EndTime "14:14:50 PST"]
[Termination "Grischuk won by resignation"]

1. d4 Nf6 2. c4 e6 3. Bg5 d5 4. e3 h6 5. Bh4 Be7 6. Nc3 O-O 7. Qc2 Nbd7 8. cxd5 exd5 9. Bd3 c6 10.
Nf3 Re8 11. O-O Ne4 12. Bxe4 Bxh4 13. Bh7+ Kf8 14. Bd3 Bf6 15. b4 a6 16. a4 Nb6 17.
a5 Nc4 18. Bxc4 dxc4 19. Na4 Bg4 20. Qxc4 Bxf3 21. gxf3 Qd7 22. Qc5+ Be7 23. Qh5 Rad8 24. Nc5 Qc7 25. Kh1 Rd5 26. Qh3 g6 27. Rg1 Rh5 28. Nd7+ 1-0

[Event "Late-Titled-Tuesday-Blitz-November-28-2023"]
[Site "Chess.com"]
[Date "2023.11.28"]
[Round "2"]
[White "AEMEffi"]
[Black "Sic_Transit_GM"]
[Result "0-1"]
[WhiteElo "2351"]
[BlackElo "2695"]
[TimeControl "180+1"]
[EndTime "14:14:52 PST"]
[Termination "Sic_Transit_GM won by resignation"]

1. d4 g6 2. c4 Bg7 3. Nc3 Nf6 4. e4 O-O 5. h3 d6 6. Be3 a6 7.
Nf3 Nbd7 8. Rc1 c5 9. d5 b5 10. cxb5 axb5 11. Bxb5 Nxe4 12. a4 Nxc3 13. bxc3 Ba6 14.
c4 Bxb5 15. axb5 Qa5+ 16. Bd2 Qa2 17. O-O Nb6 18. Qe2 Bf6 19. Qe4 Ra4 20. Rc2 Rxc4 21. Rxa2 Rxe4 22. Ra6 Nxd5 23. b6 Rb8 24. Rb1 Nb4 25.
Bxb4 Rxb4 26. Rxb4 cxb4 27. Nd2 Bd4 28. Nc4 b3 29.
Ra3 Bxb6 30. Rxb3 Bxf2+ 0-1